 Dungeon Crawl Stone Soup version 0.17.1-2-g5865329 (webtiles) character file.

16882 ololoev the Cleaver (level 12, -1/81 HPs)
             Began as a Demonspawn Fighter on Feb 16, 2016.
             Was an Elder of Makhleb.
             Slain by a large slime creature (32 damage)
             ... on level 12 of the Dungeon.
             The game lasted 00:44:30 (5435 turns).

ololoev the Cleaver (Demonspawn Fighter)            Turns: 5435, Time: 00:44:30

Health: -1/81      AC: 19    Str: 22      XL:     12   Next: 14%
Magic:  19/19      EV:  7    Int:  9      God:    Makhleb [****..]
Gold:   232        SH:  0    Dex: 12 (13) Spells: 0 memorised, 11 levels left

rFire  . . .     SeeInvis .     a - +3 battleaxe
rCold  + . .     Clarity  .     r - +0 plate armour
rNeg   . . .     SustAt   .     (shield currently unavailable)
rPois  .         Gourm    +     f - +0 helmet
rElec  .         Spirit   .     (no cloak)
rCorr  .         Warding  .     C - +0 pair of gloves
rMut   .         Stasis   .     g - +0 pair of boots
MR     +....                    I - amulet of the gourmand
Stlth  ..........               p - ring of protection from magic
                                A - ring of protection from cold

@: somewhat resistant to hostile enchantments, extremely unstealthy
A: icy blue scales 1, powered by death 3, spiny 2
a: Minor Destruction, Lesser Servant of Makhleb, Major Destruction, Renounce
Religion


Innate Abilities, Weirdness & Mutations

You are partially covered in icy blue scales (AC +1).
You regenerate a lot of health from kills.
You are mostly covered in sharp spines.

Inventory:

Hand Weapons
 a - a +3 battleaxe (weapon)
 b - a +0 blowgun
Missiles
 t - a curare-tipped needle
 y - 16 javelins (quivered)
Armour
 f - a +0 helmet (worn)
 g - a +0 pair of boots (worn)
 r - a +0 plate armour (worn)
 C - a +0 pair of gloves (worn)
Jewellery
 n - an uncursed ring of positive energy
 p - a ring of protection from magic (right hand)
 q - an uncursed ring of teleportation
 A - a ring of protection from cold (left hand)
 I - an amulet of the gourmand (around neck)
Wands
 c - a wand of frost (23)
 m - a wand of enslavement (5)
 u - a wand of disintegration (9)
 E - a wand of fire (1)
 K - a wand of draining (9)
 N - a wand of flame (17)
Scrolls
 d - 3 scrolls of amnesia
 j - 2 scrolls of recharging
 o - 2 scrolls of magic mapping
 s - 4 scrolls of teleportation
 v - 6 scrolls of remove curse
 w - a scroll of enchant weapon {unknown}
 F - a scroll of random uselessness {unknown}
 H - a scroll of fog {unknown}
 J - a scroll of noise {unknown}
 M - a scroll of summoning {unknown}
Potions
 k - a potion of cancellation {unknown}
 z - a potion of heal wounds
 G - a potion of curing
 L - a potion of haste {unknown}
Miscellaneous
 B - an ornate deck of defence {drawn: 3}
Comestibles
 e - 5 bread rations
 h - 6 meat rations
 i - 7 fruits
 l - a royal jelly
 x - 8 slices of pizza
 D - a beef jerky


   Skills:
 + Level 3.4 Fighting
 * Level 12.0 Axes
 - Level 4.7 Throwing
 + Level 9.0 Armour
 + Level 1.0 Dodging
   Level 2.6 Shields
 + Level 10.0 Invocations
 + Level 7.1 Evocations


You had 11 spell levels left.
You didn't know any spells.


You were on level 12 of the Dungeon.
You worshipped Makhleb.
Makhleb was greatly pleased with you.
You were full.

You visited 2 branches of the dungeon, and saw 14 of its levels.

You collected 393 gold pieces.
You spent 161 gold pieces at shops.

#...#..>'.#
#.......#
#.###.#####
#.......#
#.......#
#.......#
##'######
#####.###
#..# ..#
##.## .
#..## ##..#
##@# # #J# #
#.# # #3# ##
#K# #.#####.
#.# #....[#)
#K#
#########.'.
#K##
#.........##
#.5#
######'####

Notes
Turn   | Place    | Note
--------------------------------------------------------------
     0 | D:1      | ololoev the Demonspawn Fighter began the quest for the Orb.
     0 | D:1      | Reached XP level 1. HP: 18/18 MP: 1/1
   104 | D:1      | Gained mutation: You are partially covered in sharp spines. [demonic ancestry]
   104 | D:1      | Reached XP level 2. HP: 10/24 MP: 2/2
   249 | D:2      | Found a snail-covered altar of Cheibriados.
   255 | D:2      | Found a sparkling altar of Nemelex Xobeh.
   518 | D:4      | Reached XP level 3. HP: 15/29 MP: 3/3
   536 | D:4      | Reached skill level 1 in Throwing
   536 | D:4      | Reached XP level 4. HP: 20/35 MP: 4/4
   574 | D:4      | Noticed an ogre
   601 | D:4      | Killed an ogre
   601 | D:4      | Reached XP level 5. HP: 31/41 MP: 5/5
   674 | D:4      | Reached skill level 4 in Axes
   694 | D:4      | Gained mutation: You regenerate a little health from kills. [demonic ancestry]
   694 | D:4      | Reached XP level 6. HP: 41/47 MP: 6/6
   714 | D:5      | Entered Level 5 of the Dungeon
   714 | D:5      | Noticed Menkaure
   909 | D:5      | Killed Menkaure
   909 | D:5      | Reached skill level 5 in Axes
   909 | D:5      | Reached XP level 7. HP: 52/52 MP: 7/7
  1145 | D:6      | Reached skill level 6 in Axes
  1207 | D:6      | Noticed Azzok's ghost (novice DEFE)
  1216 | D:6      | Killed Azzok's ghost
  1216 | D:6      | Reached skill level 5 in Armour
  1216 | D:6      | Gained mutation: You regenerate health from kills. [demonic ancestry]
  1216 | D:6      | Reached XP level 8. HP: 36/58 MP: 8/8
  1273 | D:7      | Found a staircase to the Ecumenical Temple.
  1282 | Temple   | Entered the Ecumenical Temple
  1331 | Temple   | Became a worshipper of Makhleb the Destroyer
  1395 | D:7      | Reached skill level 1 in Invocations
  1407 | D:7      | Reached skill level 7 in Axes
  1484 | D:7      | Reached * piety under Makhleb
  1568 | D:8      | Gained mutation: You regenerate a lot of health from kills. [demonic ancestry]
  1568 | D:8      | Reached XP level 9. HP: 61/63 MP: 11/11
  1662 | D:7      | Found Viruosku's General Store.
  1745 | D:7      | Found an iron altar of Okawaru.
  1862 | D:8      | Noticed Grum
  1881 | D:8      | Killed Grum
  1881 | D:8      | Reached skill level 1 in Evocations
  1888 | D:8      | Reached skill level 8 in Axes
  1936 | D:8      | Reached ** piety under Makhleb
  2140 | D:9      | Killed an unseen horror
  2140 | D:9      | Reached skill level 5 in Invocations
  2156 | D:9      | Reached skill level 9 in Axes
  2303 | D:10     | Entered Level 10 of the Dungeon
  2311 | D:10     | Found Esorphuf's Armour Shoppe.
  2322 | D:10     | Found Pumoar's Food Shop.
  2326 | D:10     | Found Boligrin's Distillery.
  2332 | D:10     | Noticed a hill giant
  2345 | D:10     | Killed a hill giant
  2345 | D:10     | Reached XP level 10. HP: 54/70 MP: 14/14
  2361 | D:10     | Bought a potion of heal wounds for 70 gold pieces
  2361 | D:10     | Bought a potion of agility for 56 gold pieces
  2361 | D:10     | Bought a potion of mutation for 35 gold pieces
  2374 | D:10     | Killed an unseen horror
  2389 | D:10     | Noticed a cyclops
  2407 | D:10     | Killed a cyclops
  2407 | D:10     | Reached *** piety under Makhleb
  2459 | D:10     | Noticed a gargoyle
  2482 | D:10     | Killed a gargoyle
  2527 | D:10     | Found Tisaot's Weapon Shoppe.
  2645 | D:10     | Noticed Harold
  2660 | D:10     | Killed Harold
  2660 | D:10     | Reached skill level 10 in Axes
  2744 | D:10     | Reached skill level 5 in Evocations
  2785 | D:10     | Noticed Sonja
  2819 | D:10     | HP: 3/70 [poisoned by Sonja (curare-tipped needle)]
  2826 | D:10     | HP: 3/70 [poisoned by Sonja (curare-tipped needle)]
  2907 | D:10     | Killed Sonja
  3004 | D:10     | Noticed a hill giant
  3080 | D:10     | Found Qeox's Antique Weapon Shoppe.
  3086 | D:10     | Noticed Urug
  3137 | D:9      | Gained mutation: You are mostly covered in sharp spines. [demonic ancestry]
  3137 | D:9      | Reached XP level 11. HP: 23/75 MP: 15/17
  3318 | D:9      | Found a glowing silver altar of Zin.
  3389 | D:9      | Found Ibbalano's Gadget Shop.
  4039 | D:10     | Reached **** piety under Makhleb
  4062 | D:10     | Killed Urug
  4198 | D:11     | Noticed F1L1N's ghost (journeyman TrBe)
  4227 | D:10     | Killed a hill giant
  4227 | D:10     | Reached skill level 11 in Axes
  4297 | D:11     | Noticed a six-headed hydra
  4450 | D:10     | Killed a six-headed hydra
  4706 | D:11     | Found a portal to a secret trove of treasure.
  4784 | D:11     | Found a staircase to the Lair.
  4846 | D:11     | Found a bloodstained altar of Trog.
  4962 | D:11     | Killed F1L1N's ghost
  5037 | D:12     | Noticed a hill giant
  5067 | D:12     | Killed a hill giant
  5146 | D:12     | Noticed Psyche
  5146 | D:12     | Noticed a hill giant
  5150 | D:12     | Killed Psyche
  5150 | D:12     | Gained mutation: You are partially covered in icy blue scales (AC +1). [demonic ancestry]
  5150 | D:12     | Reached XP level 12. HP: 81/81 MP: 19/19
  5179 | D:12     | Killed a hill giant
  5203 | D:12     | Reached skill level 1 in Dodging
  5366 | D:12     | Reached skill level 12 in Axes
  5366 | D:12     | Reached skill level 10 in Invocations
  5435 | D:12     | Slain by a large slime creature

Dungeon Overview and Level Annotations

Branches:
Dungeon (13/15)            Temple (1/1) D:7            Lair (0/8) D:11
    Orc: D:9-12      Vaults: D:13-14

Altars:
Ashenzari
Cheibriados
Dithmenos
Elyvilon
Fedhas
Gozag
Kikubaaqudgha
Makhleb
Nemelex Xobeh
Okawaru
Qazlal
Ru
Sif Muna
Trog
Yredelemnul
Zin
The Shining One

Shops:
D:9 }   D:10 ([(!%

Portals:
Trove: D:11 (give 2 scrolls of acquirement)


Message History

You slash the slime creature!
The slime creature is severely wounded.
Two slime creatures merge to form a large slime creature.
You hit the large slime creature.
The large slime creature is moderately wounded.
The large slime creature is struck by your spines.
The large slime creature hits you!!
The kobold demonologist looks braver for a moment.
You slash the large slime creature!
The large slime creature is heavily wounded.
The large slime creature is struck by your spines.
The large slime creature completely misses you.
You hit the large slime creature.
The large slime creature is severely wounded.
The large slime creature hits you!
You barely miss the large slime creature.
The large slime creature is severely wounded.
The large slime creature hits you!
Your plate armour prevents you from hitting the large slime creature.
The large slime creature is severely wounded.
The large slime creature is struck by your spines.
The large slime creature hits you!!
The kobold demonologist casts a cantrip, but nothing happens.
You feel less regenerative.
The kobold demonologist gestures wildly while chanting.
Evoke which item? (* to show all) (? for menu, Esc to quit)
Okay, then.
Evoke which item? (* to show all) (? for menu, Esc to quit)
Zapping:
E - a wand of fire {zapped: 3} (will waste charges)
Press: ? - help, Shift-Dir - straight line, f - large slime creature
Aim: a large slime creature (severely wounded)
The bolt of fire hits the large slime creature.
The large slime creature is severely wounded.
The bolt of fire hits the soul eater.
The soul eater is lightly wounded.
The bolt of fire hits the kobold demonologist.
The kobold demonologist is moderately wounded.
Evoking this partially-identified wand wasted a few charges.
The large slime creature hits you!!
You die...

You could see a large slime creature, a soul eater, a kobold demonologist, a big kobold and a kobold.

Vanquished Creatures
  The ghost of F1L1N the Grappler, a journeyman TrBe of Trog (D:11)
  Harold (D:10)
  Sonja (D:10)
  2 unseen horrors
  4 hill giants
  4 ugly things
  A cyclops (D:10)
  Psyche (D:12)
  The ghost of Azzok the Destroyer, a novice DEFE of Vehumet (D:6)
  2 trolls
  A slime creature (D:12)
  A wyvern (D:10)
  17 yaks
  Grum (D:8)
  A deep elf mage (D:11)
  2 wolves (D:8)
  A hungry ghost (D:9)
  Menkaure (D:5)
  3 porcupines (D:11)
  5 orc warriors
  A black bear (D:9)
  2 sky beasts
  5 ogres
  3 centaurs
  3 crocodiles
  3 giant frogs
  A wyvern zombie (D:11)
  3 scorpions
  A wyvern skeleton (D:8)
  16 killer bees
  2 water moccasin zombies
  8 wights
  2 giant frog zombies
  A centaur zombie (D:5)
  4 crimson imps
  3 quasits
  2 hounds (D:5)
  4 giant frog skeletons
  6 orc priests
  2 jellies
  A centaur skeleton (D:9)
  A gnoll shaman (D:7)
  6 orc wizards
  An iguana (D:12)
  A worker ant (D:9)
  4 adders
  8 gnolls
  2 shadow imps
  3 river rats (D:11)
  An adder zombie (D:7)
  2 adder skeletons (D:8)
  2 worms
  5 giant geckos
  41 orcs
  2 giant cockroaches
  A hobgoblin (D:1)
  3 kobolds
  4 quokkas
  3 bats
  A giant newt (D:5)
  9 jackals
  A quokka skeleton (D:7)
  5 rats
230 creatures vanquished.

Vanquished Creatures (collateral kills)
  A hydra (D:10)
  Urug (D:10)
  A gargoyle (D:10)
  A worker ant (D:10)
4 creatures vanquished.

Vanquished Creatures (others)
  A hobgoblin (D:2)
1 creature vanquished.

Grand Total: 235 creatures vanquished

Action                   |  1- 3 |  4- 6 |  7- 9 | 10-12 || total
-------------------------+-------+-------+-------+-------++-------
Melee: War axe           |    54 |    30 |    14 |       ||    98
       Broad axe         |       |       |   210 |    94 ||   304
       Battleaxe         |       |       |       |   196 ||   196
 Fire: Blowgun           |     2 |     6 |     7 |    34 ||    49
Throw: Javelin           |       |       |       |     1 ||     1
Invok: Lesser Servant of |       |       |       |    12 ||    12
Evoke: Wand              |       |       |     1 |     2 ||     3
       Deck              |       |       |     1 |     2 ||     3
  Use: Potion            |     2 |     1 |     2 |     7 ||    12
       Scroll            |       |     4 |     5 |     3 ||    12
 Stab: Distracted        |       |       |       |     3 ||     3
  Eat: Chunk             |       |       |     6 |    21 ||    27

Vault maps used:
D:1:      minmay_arrival_solitary_statue
D:2:      amethyst_overflow_temple_binary, lemuel_flame_loot_1
D:3:      minivault_26, amethyst_killhole
D:4:      nicolae_overflow_hidden_temple, first_bread
D:5:      uniq_menkaure, uniq_crazy_yiuf_cottage
D:6:      minmay_misc_feat_columns, minmay_misc_feat_nine_boxes, uniq_grinder
D:7:      old_standard_altar, minmay_temple_entry_junction2, serial_shops,
          nicolae_shop_stone
D:8:      grunt_pizzeria, uniq_grum
D:9:      orc_0_dummy, serial_shops, kennysheep_little_box, basic_altar,
          spider_trap
D:10:     serial_shops, shop, shop, nicolae_shop_competitors_out_of_business,
          shop_statue, nicolae_shop_behind_doors, uniq_urug, uniq_harold,
          uniq_sonja
D:11:     minmay_lair_entry_grove, nicolae_trove_entry_columns, basic_altar,
          grunt_ministairs_3
D:12:     uniq_psyche
D:13:     lightli_vaults_fourway_checkpoint, moated_statue
Temple:   water_room_temple_a_12
